 Dungeon Crawl Stone Soup version 0.19-a0-1091-g463c9de (webtiles) character file.

106 Jmtri7 the Chopper (level 4, -5/39 HPs)
             Began as a Hill Orc Fighter on Aug 7, 2016.
             Killed by divine providence
             ... invoked by an orc priest
              (13 damage)
             ... on level 3 of the Dungeon.
             The game lasted 00:03:14 (1735 turns).

Jmtri7 the Chopper (Hill Orc Fighter)               Turns: 1735, Time: 00:03:16

Health: -5/39      AC:  6    Str: 24    XL:     4   Next: 84%
Magic:  4/4        EV:  7    Int:  8    God:
Gold:   56         SH:  9    Dex: 10    Spells: 0 memorised, 3 levels left

rFire  . . .     SeeInvis .     a - +0 war axe
rCold  . . .     Gourm    .     b - +0 scale mail
rNeg   . . .     Faith    .     c - +0 shield
rPois  .         Spirit   .     (no helmet)
rElec  .         Dismiss  .     (no cloak)
rCorr  .         Reflect  .     (no gloves)
SustAt .         Harm     .     (no boots)
MR     .....                    (no amulet)
Stlth  ..........               (no ring)
                                (no ring)

@: mighty
A: no striking features
a: Convert to Beogh


You were on level 3 of the Dungeon.
You were hungry.

You visited 1 branch of the dungeon, and saw 3 of its levels.

You collected 56 gold pieces.

Inventory:

Hand Weapons
 a - a +0 war axe (weapon)
Armour
 b - a +0 scale mail (worn)
 c - a +0 shield (worn)
Scrolls
 e - 4 scrolls of identify {unknown}
 k - 3 scrolls of remove curse {unknown}
 l - a scroll of noise {unknown}
 m - a scroll of enchant weapon {unknown}
Potions
 h - a potion of heal wounds {unknown}
 i - a potion of ambrosia {unknown}
 j - a potion of lignification {unknown}
 n - a potion of degeneration {unknown}
Comestibles
 f - 2 bread rations
 g - a chunk of flesh


   Skills:
 - Level 3.6 Fighting
 + Level 6.4 Axes
 - Level 3.2 Armour
 - Level 3.2 Shields


You had 3 spell levels left.
You didn't know any spells.

Dungeon Overview and Level Annotations

Branches:
Dungeon (3/15)

Altars:
Cheibriados
Elyvilon
The Shining One


Message History

You hit the orc wizard but do no damage.
The orc wizard is moderately wounded.
Your shield and scale mail prevent you from hitting the orc priest.
The orc wizard hits you but does no damage.
You block the orc priest's attack.
You feel very mighty all of a sudden. The orc wizard casts a spell at you.
You block the puff of frost. The orc priest hits you with a flail.
* * * LOW HITPOINT WARNING * * *
You hit the orc wizard.
The orc wizard is severely wounded.
You hit the orc priest. The orc wizard barely misses you.
The orc priest casts a cantrip, but nothing happens.
You closely miss the orc wizard.
The orc wizard is severely wounded.
You hit the orc priest.
The orc wizard hits you but does no damage.
The orc priest invokes the aid of Beogh against you.
Beogh smites you!
You die...

# #. #####.
......# .....
#####.o########
.....>go.or.go#
.####.o######o#
#.... #####@#
#.#.o #....o#
.o o.. #.#####
.# .##. #. #. #
##


You could see an orc priest, an orc wizard, an orc and a hobgoblin.

Vanquished Creatures
  4 adders (D:2)
  An ooze (D:2)
  5 dart slugs
  A giant gecko (D:1)
  2 orcs
  5 bats
  4 giant cockroaches
  6 goblins
  4 hobgoblins
  4 jackals (D:1)
  6 kobolds
  A ball python (D:1)
  3 giant newts (D:1)
  7 rats
53 creatures vanquished.

Notes
Turn   | Place    | Note
-------+----------+-------------------------------------------
     0 | D:1      | Jmtri7 the Hill Orc Fighter began the quest for the Orb.
     0 | D:1      | Reached XP level 1. HP: 19/19 MP: 1/1
    16 | D:1      | Reached skill level 3 in Axes
    25 | D:1      | Reached XP level 2. HP: 16/26 MP: 2/2
   242 | D:1      | Reached skill level 4 in Axes
   470 | D:1      | Reached XP level 3. HP: 31/31 MP: 3/3
   922 | D:2      | Reached skill level 5 in Axes
  1102 | D:2      | Reached XP level 4. HP: 39/39 MP: 4/4
  1125 | D:2      | Found a glowing golden altar of the Shining One.
  1309 | D:2      | Reached skill level 6 in Axes
  1618 | D:2      | Found a white marble altar of Elyvilon.
  1618 | D:2      | Found a snail-covered altar of Cheibriados.
  1735 | D:3      | Killed from afar by an orc priest

Vault maps used:
D:1:      onia_arrival_pyramid
D:2:      gammafunk_temple_overflow_elements, lemuel_statue_altar
D:3:      lemuel_doored_altar, xom_teletrap_fun

Skill      XL: |  1  2  3  4 |
---------------+-------------+-----
Axes           | 3 4 5 6 |  6.4
Fighting       | |  3.6
Armour         | |  3.2
Shields        | |  3.2

Action                   |  1- 3 |  4- 6 || total
-------------------------+-------+-------++-------
Melee: War axe           |   108 |    69 ||   177
  Use: Potion            |       |     1 ||     1
  Eat: Chunk             |     1 |     1 ||     2
Armor: Scale mail        |    58 |    37 ||    95
Dodge: Dodged            |    38 |    10 ||    48
Block: Shield            |    64 |    37 ||   101
